 Dungeon Crawl Stone Soup version 0.31-a0-859-g9dce7d3444 (webtiles) character file.

Game seed: 4432935694630320528

1 Kurtz the Sneak (level 1, 0/21 HPs)
             Began as a Naga Delver on Oct 9, 2023.
             Slain by an ufetubus (2 damage)
             ... on level 4 of the Dungeon.
             The game lasted 00:00:13 (53 turns).

Kurtz the Sneak (Naga Delver)                         Turns: 53, Time: 00:00:14

Health: 0/21       AC:  1    Str: 14    XL:     1   Next: 20%
Magic:  1/1        EV:  9    Int: 10    God:
Gold:   0          SH:  0    Dex: 12    Spells: 0/0 levels left

rFire   . . .        a - +0 hand axe
rCold   . . .        (no shield)
rNeg    . . .        b - +0 leather armour
rPois   +            (no helmet)
rElec   .            (no cloak)
rCorr   .            (no gloves)
SInv    +            (no barding)
Will    .....        (no amulet)
Stlth   +++          (no ring)
HPRegen 0.23/turn    (no ring)
MPRegen 0.07/turn

%: no passive effects
@: hasted, quick
A: AC +0, large, see invisible, deformed body, poison resistance, slowness 2,
spit poison 1, naga tail 1
a: Spit Poison


You were on level 4 of the Dungeon.
You visited 1 branch of the dungeon, and saw 2 of its levels.

Inventory:

Hand Weapons
 a - a +0 hand axe (weapon)
Armour
 b - a +0 leather armour (worn)
 h - a +0 scale mail
Wands
 g - a wand of digging (3)
Scrolls
 c - a scroll of fog
 d - a scroll of revelation
 e - a scroll of fear


   Skills:
 - Level 3.0 Fighting
 * Level 2.1 Axes
 - Level 1.5 Dodging
 - Level 7.2 Stealth


You couldn't memorise any spells.
You didn't know any spells.
Your spell library was empty.

Dungeon Overview and Level Annotations

Branches:
Dungeon (5/15)
 Temple: D:4-7

Altars:


Innate Abilities, Weirdness & Mutations

Your serpentine skin is tough. (AC +0)
You have supernaturally acute eyesight. (SInv)
Armour fits poorly on your strangely shaped body.
Your system is resistant to poisons. (rPois)
You cover ground very slowly.
You can spit poison.
You have a snake-like lower body.


Message History

The endoplasm quivers.
You hit the orc.
The orc is severely wounded.
You miss the adder.
You hear a shout! x3
The adder completely misses you. The orc barely misses you.
The adder bites you but does no damage.
An ufetubus comes into view.
The orc barely misses you.
Unknown command.
You feel yourself speed up.
The orc throws a boomerang.
The boomerang hits you.
You hit the adder.
The adder is severely wounded.
You closely miss the ball python. The adder barely misses you.
The orc hits you from afar with a +0 trident.
A hobgoblin comes into view.
The ball python bites you.
Unknown command.
You hit the ball python.
The ball python is heavily wounded.
You closely miss the adder. The adder bites you. The orc barely misses you.
The ball python bites you but does no damage.
You hit the adder.
The adder is almost dead.
You hit the ball python.
You kill the ball python!
The adder bites you.
The orc hits you from afar with a +0 trident.
* * * LOW HITPOINT WARNING * * *
The adder bites you.
* * * LOW HITPOINT WARNING * * *
You are too injured to fight recklessly!
You are too injured to fight recklessly!
Unknown command.
You are too injured to fight recklessly!
You are too injured to fight recklessly!
You miss the ufetubus. You closely miss the adder. The ufetubus hits you.
* * * LOW HITPOINT WARNING * * *
The ufetubus hits you.
You die...

# ###### #.###....#
#........# #.....####
#.......##########
##.................
#S@...#.....#######
#5########.....####
#?.goJ...?# ...........
#?#.#.#.#[########.....
#.......# #.... ## g#.
## .... .. .J .... .#
#. .... ## ## ....


You could see an adder, an orc, an ufetubus, an endoplasm and 2 hobgoblins.

Vanquished Creatures
  A ball python (D:4)
1 creature vanquished.

Notes
Turn   | Place    | Note
-------+----------+-------------------------------------------
     0 | D:5      | Kurtz the Naga Delver began the quest for the Orb.
     0 | D:5      | Reached XP level 1. HP: 21/21 MP: 1/1
    53 | D:4      | Slain by an ufetubus

Illustrated notes

Levels and vault maps discovered:
D:4:      minmay_spotlight, layout_rooms, mainiacjoe_overflow_tiny_flanked,
          minmay_temple_entry_mini_moons, ebering_ghost_disaster_area,
          minmay_mini_ossuary
D:5:      cheibrodos_two_vegetables, layout_loops_ring,
          nicolae_figureground_sparkle

Action                     || total
---------------------------++-------
  Melee: Hand axe          ||     5
    Use: Potion            ||     1
 Armour: Leather armour    ||    11
  Dodge: Dodged            ||     5

Table legend: (Time is in decaauts)
 A = Elapsed time spent in this place.
 B = Non-inter-level travel time spent in this place.
 C = Inter-level travel time spent in this place.
 D = Time resting spent in this place.
 E = Time spent auto-exploring this place.
 F = Levels seen in this place.
 G = Mean time per level.
                   A        B        C        D        E       F      G
               +--------+--------+--------+--------+--------+-----+--------+
         Total |     70 |     63 |      7 |      0 |     12 |   2 |   35.0 |
       Dungeon |     70 |     63 |      7 |      0 |     12 |   2 |   35.0 |
               +--------+--------+--------+--------+--------+-----+--------+

Top non-repeatable levels by time:
     D:4: 49 daAuts
     D:5: 20 daAuts
